Map: Simulacrum LE

Players

TSGTYTY (TY)

  • Race: Terran Terran
  • League: Grandmaster
  • Spawn Location: 11:00

soO - Winner!

  • Race: Zerg Zerg
  • Spawn Location: 5:00

VOD

Have the link to the VOD?

Description

Time

  • Played on: Jan. 9, 2020, 8:01 a.m.
  • Length: 14:56
Show
View Real Time Build Order
Export as new Build Order

TSGTYTY Terran 

Build Orders: Reaper Expand, Mech 

Get SALT Encoding   

  12  0:01  SCV  
  13  0:13  SCV  
  14  0:17  Supply Depot  
  14  0:25  SCV  
  15  0:39  Barracks  
  15  0:40  SCV  
  16  0:45  Refinery  
  16  0:52  SCV  
  18  1:04  SCV  
  18  1:16  SCV  
  19  1:28  Orbital Command, Reaper  
  20  1:42  Command Center  
  20  1:49  Bunker  
  20  1:54  SCV  
  21  1:59  Marine  
  22  2:05  Supply Depot  
  23  2:14  Factory  
  22  2:16  SCV  
  23  2:26  Marine  
  23  2:28  SCV  
  25  2:36  Refinery  
  25  2:40  SCV  
  26  2:53  SCV  
  27  2:59  Factory Reactor  
  27  3:03  Orbital Command  
  27  3:05  SCV, Starport  
  28  3:13  Bunker  
  28  3:17  SCV  
  29  3:29  SCV  
  29  3:30  SCV  
  30  3:35  Hellion  
  30  3:36  Hellion  
  32  3:41  SCV, Starport Tech Lab  
  32  3:42  SCV  
  32  3:44  Fusion Core  
  32  3:53  SCV  
  32  3:54  SCV  
  33  3:57  Hellion x2  
  37  4:02  Supply Depot  
  37  4:05  SCV  
  37  4:07  SCV  
  42  4:17  SCV  
  42  4:19  SCV  
  41  4:25  Supply Depot  
  41  4:27  Hellion  
  41  4:29  SCV  
  41  4:31  Battlecruiser  
  50  4:32  SCV, Hellion  
  53  4:41  SCV  
  54  4:47  SCV  
  54  4:50  Command Center  
  55  4:54  SCV, Supply Depot  
  55  4:58  Refinery  
  55  4:59  SCV  
  57  5:04  Refinery  
  57  5:06  SCV  
  58  5:09  Factory  
  58  5:11  SCV  
  59  5:17  Factory  
  59  5:19  SCV  
  62  5:22  Marine  
  62  5:23  SCV  
  64  5:31  SCV  
  64  5:35  SCV  
  64  5:36  Supply Depot  
  63  5:43  SCV  
  63  5:48  SCV, Starport Tech Lab  
  65  5:50  Supply Depot  
  65  5:55  SCV  
  65  5:56  Marine  
  67  6:00  SCV  
  67  6:02  Bunker, Siege Tank  
  67  6:03  Factory Tech Lab  
  69  6:04  Orbital Command  
  69  6:08  SCV  
  70  6:12  SCV  
  70  6:15  Battlecruiser  
  77  6:20  SCV  
  77  6:24  SCV, Siege Tank  
  82  6:30  Weapon Refit  
  82  6:31  Hellion x2  
  85  6:34  SCV  
  85  6:36  SCV  
  87  6:40  Supply Depot, Orbital Command  
  87  6:42  Refinery x2  
  87  6:47  SCV  
  91  6:48  SCV  
  91  6:53  Hellion  
  94  6:59  SCV, Siege Tank  
  94  7:00  SCV  
  99  7:08  Hellion  
  101  7:11  SCV  
  101  7:12  SCV  
  106  7:21  Siege Tank  
  106  7:25  Command Center  
  105  7:30  Supply Depot, Battlecruiser  
  105  7:31  Mag-Field Accelerator  
  109  7:40  Engineering Bay  
  109  7:43  Supply Depot x2  
  109  7:52  Cyclone  
  109  7:54  Cyclone  
  109  7:56  Hellion  
  117  8:04  SCV x2  
  122  8:08  Missile Turret  
  122  8:09  Missile Turret  
  119  8:16  SCV x2  
  121  8:20  Supply Depot x2, Command Center  
  119  8:28  Supply Depot x2  
  119  8:38  Cyclone  
  119  8:39  Widow Mine x2, Cyclone  
  129  8:43  Orbital Command  
  129  8:50  Missile Turret  
  129  8:52  Missile Turret  
  129  8:58  Armory  
  129  9:02  Widow Mine x2  
  118  9:17  SCV x2  
  118  9:19  Orbital Command  
  119  9:26  Siege Tank x2  
  119  9:27  Armory, Hellion  
  129  9:34  Orbital Command  
  127  9:40  Factory  
  127  9:41  SCV  
  127  9:44  Factory  
  127  9:45  SCV x2  
  130  9:48  Widow Mine x2  
  130  9:50  Missile Turret  
  134  9:53  SCV  
  134  9:57  SCV x2  
  140  10:00  SCV  
  140  10:04  Missile Turret  
  140  10:05  SCV  
  131  10:14  Widow Mine x2  
  131  10:15  Cyclone x2  
  122  10:29  SCV x2  
  122  10:30  Battlecruiser  
  122  10:31  Missile Turret  
  122  10:35  SCV x2  
  129  10:38  Factory Reactor, Factory Tech Lab  
  129  10:40  Hellion x2  
  129  10:41  SCV  
  129  10:42  Terran Vehicle And Ship Armor Level 1, Terran Vehicle Weapons Level 1  
  134  10:45  Refinery  
  134  10:46  Refinery  
  134  10:53  Sensor Tower  
  134  10:55  Cyclone x2  
  140  10:58  SCV x4  
  140  11:03  Sensor Tower  
  140  11:04  Hellion x2  
  146  11:17  SCV x3  
  139  11:18  Cyclone  
  135  11:26  SCV  
  135  11:27  Cyclone  
  135  11:29  SCV, Hellion  
  135  11:36  SCV  
  135  11:38  SCV  
  135  11:39  Orbital Command  
  129  11:45  Cyclone  
  128  11:51  Cyclone, Hellion x2  
  128  11:52  SCV, Hellion x2  
  128  11:53  SCV  
  141  11:55  Engineering Bay  
  141  11:56  Battlecruiser  
  141  12:00  Hellion  
  152  12:13  Supply Depot, Hellion x2  
  152  12:14  Supply Depot  
  152  12:15  Supply Depot  
  153  12:18  Infernal Pre-Igniter  
  153  12:21  Hellion  
  155  12:25  Missile Turret  
  155  12:27  Missile Turret  
  155  12:28  Missile Turret  
  154  12:36  Command Center  
  133  12:44  Thor x2  
  133  12:49  Thor  
  139  13:01  Widow Mine x4  
  139  13:11  SCV  
  139  13:12  SCV  
  110  13:24  SCV x2  
  82  13:36  SCV x2  
  82  13:40  Orbital Command  
  82  13:43  Battlecruiser  
  82  13:48  SCV x2  
  90  14:00  SCV x2  
  92  14:05  Siege Tank x2  
  92  14:09  SCV  
  97  14:12  SCV  
  97  14:13  SCV  
  99  14:21  SCV  
  100  14:24  SCV  
  100  14:25  SCV  
  100  14:41  SCV x2  
Show
View Real Time Build Order
Export as new Build Order

soO Zerg - Winner!

Build Orders: Hatch First 

Get SALT Encoding   

  12  0:00  Drone  
  13  0:12  Overlord  
  13  0:17  Drone  
  14  0:30  Drone x2  
  16  0:47  Hatchery  
  15  0:51  Drone  
  15  0:55  Drone  
  17  0:57  Drone  
  18  1:09  Extractor  
  17  1:13  Spawning Pool  
  17  1:16  Drone  
  17  1:20  Drone  
  18  1:28  Drone  
  19  1:39  Drone  
  20  1:49  Overlord  
  20  1:59  Queen  
  20  2:00  Zergling x2, Queen  
  20  2:01  Zergling x2  
  26  2:12  Spore Crawler  
  26  2:15  Metabolic Boost  
  25  2:19  Spore Crawler  
  25  2:22  Zergling x4  
  27  2:32  Drone x3  
  27  2:35  Drone  
  32  2:45  Queen, Overlord  
  32  2:48  Drone  
  35  2:57  Drone  
  36  3:01  Overlord  
  36  3:10  Overlord  
  36  3:21  Drone x3  
  36  3:22  Hatchery  
  36  3:24  Drone  
  39  3:28  Drone x2  
  39  3:31  Drone  
  41  3:36  Drone  
  41  3:40  Drone  
  42  3:47  Drone  
  43  3:50  Drone x2  
  43  3:54  Overlord  
  45  3:56  Queen  
  45  3:59  Drone  
  49  4:02  Drone  
  49  4:03  Drone  
  49  4:04  Roach Warren  
  49  4:08  Extractor  
  48  4:13  Drone x2  
  50  4:22  Overlord  
  50  4:23  Lair  
  50  4:24  Drone  
  50  4:27  Extractor  
  50  4:29  Drone x4  
  50  4:30  Drone  
  55  4:33  Queen  
  55  4:34  Drone  
  55  4:37  Zergling x6  
  61  4:41  Queen  
  63  4:51  Drone  
  64  4:54  Drone  
  64  4:59  Drone x3  
  68  5:01  Drone  
  68  5:04  Drone  
  68  5:05  Roach  
  68  5:06  Roach, Overlord  
  74  5:13  Overlord  
  74  5:14  Spore Crawler  
  73  5:15  Drone  
  73  5:20  Drone x2  
  73  5:21  Drone  
  74  5:24  Drone x2  
  74  5:25  Drone  
  74  5:26  Drone x4  
  81  5:28  Glial Reconstitution  
  81  5:32  Spore Crawler  
  81  5:33  Spore Crawler  
  79  5:38  Nydus Network  
  79  5:42  Drone x2  
  80  5:48  Drone  
  80  5:49  Spire  
  81  5:50  Extractor  
  81  5:52  Extractor  
  81  5:53  Overlord  
  81  5:54  Overlord  
  81  5:56  Queen  
  81  6:01  Overlord  
  81  6:03  Overlord  
  81  6:04  Overlord  
  81  6:05  Extractor  
  81  6:09  Overlord  
  79  6:16  Drone x2  
  79  6:18  Roach x4  
  89  6:20  Drone x2  
  89  6:21  Drone x3  
  93  6:28  Drone x4  
  97  6:33  Drone x2  
  97  6:37  Evolution Chamber  
  98  6:43  Hatchery  
  98  6:44  Drone  
  97  7:02  Corruptor x7  
  97  7:06  Spore Crawler  
  106  7:16  Zerg Missile Weapons Level 1  
  106  7:18  Drone x4  
  106  7:19  Drone  
  111  7:25  Roach x5  
  121  7:35  Drone  
  122  7:37  Overlord  
  122  7:38  Overlord  
  122  7:46  Drone x4  
  122  7:47  Drone x3, Overlord  
  129  7:52  Overlord  
  129  7:55  Overlord  
  129  8:00  Overlord  
  129  8:01  Mutalisk  
  129  8:02  Mutalisk x5  
  141  8:06  Mutalisk x2  
  145  8:23  Mutalisk x5  
  155  8:27  Drone x2  
  155  8:31  Extractor x2  
  155  8:40  Drone x3  
  155  8:41  Drone x5  
  159  8:44  Overlord  
  159  8:46  Drone x3  
  159  8:47  Drone x4  
  159  8:48  Extractor  
  165  8:54  Zerg Flyer Weapons Level 1  
  165  8:58  Hatchery  
  165  8:59  Infestation Pit  
  165  9:01  Evolution Chamber  
  146  9:18  Mutalisk x7  
  146  9:21  Drone x2  
  158  9:26  Corruptor x2  
  160  9:36  Mutalisk x2  
  164  9:45  Mutalisk x2  
  164  9:48  Overlord  
  164  9:52  Zerg Missile Weapons Level 2  
  167  9:53  Zergling x2  
  167  9:54  Zergling x24, Evolution Chamber  
  167  9:56  Overlord  
  179  10:00  Hatchery  
  168  10:19  Mutalisk x6  
  168  10:20  Roach  
  162  10:34  Corruptor x3  
  166  10:37  Drone x2  
  166  10:38  Extractor, Ravager  
  166  10:40  Extractor  
  166  10:45  Drone x2  
  168  10:51  Zerg Melee Weapons Level 1  
  168  10:52  Zerg Ground Armor Level 1, Hive  
  168  10:55  Mutalisk  
  170  10:57  Hatchery  
  170  10:58  Hatchery  
  170  11:01  Spine Crawler  
  170  11:02  Spine Crawler  
  170  11:03  Corruptor, Spine Crawler  
  136  11:45  Mutalisk x8  
  136  11:46  Mutalisk x4  
  156  11:47  Zergling x10  
  156  11:48  Zergling x22  
  156  11:54  Drone x3  
  175  12:04  Mutalisk x5  
  175  12:07  Overseer  
  185  12:08  Drone  
  185  12:09  Drone  
  185  12:12  Extractor, Spine Crawler  
  185  12:13  Extractor, Spine Crawler  
  185  12:14  Adrenal Glands  
  183  12:16  Spine Crawler  
  183  12:20  Drone  
  157  12:53  Mutalisk x9  
  162  13:01  Mutalisk  
  162  13:02  Mutalisk x3  
  167  13:09  Drone  
  167  13:10  Drone x2  
  167  13:12  Mutalisk x3  
  161  13:35  Corruptor x3  
  161  13:36  Corruptor x3  
  172  13:42  Zergling x14  
  172  13:43  Drone  
  172  13:44  Drone  
  176  13:50  Mutalisk x3  
  176  13:51  Mutalisk  
  184  13:57  Drone x3  
  184  13:59  Hatchery  
  184  14:01  Drone x2  
  188  14:07  Hatchery  
  187  14:15  Drone x4  
  191  14:19  Spine Crawler  
  191  14:20  Spine Crawler  
  189  14:32  Zergling x14  
Tags
 
Add a new tag
Caveats
  • Supply blocks, unpowered buildings, or Contaminate may cause inaccurate times.
  • Supply counts are checked every 10 seconds.